 Dungeon Crawl Stone Soup version 0.28.0-43-g3370ac3207 (webtiles) character file.

Game seed: 5916824431726511053

250 smarlow the Insei (level 6, -4/46 HPs)
             Began as a Djinni Transmuter on Mar 3, 2022.
             Slain by a sky beast (5 damage)
             ... on level 5 of the Dungeon.
             The game lasted 00:06:39 (6400 turns).

smarlow the Insei (Djinni Transmuter)               Turns: 6400, Time: 00:06:39

Health: -4/46      AC:  2    Str: 11    XL:     6   Next: 35%
Gold:   67         EV: 13    Int: 15    God:
                   SH:  0    Dex: 13

rFire   + + .      SeeInvis .   l - +4 falchion (flame)
rCold   x . .      Faith    .   (no shield)
rNeg    . . .      Spirit   .   a - +0 robe
rPois   ∞          Reflect  .   (helmet currently unavailable)
rElec   .          Harm     .   (no cloak)
rCorr   .          Rampage  .   (no gloves)
Will    .....                   (boots unavailable)
Stlth   +.........              (no amulet)
HPRegen 0.15/turn               (no ring)
MPRegen 0.00/turn               (no ring)

@: appendages (expiring), wereblooded, flying
A: horns 2, flying, sickness immunity, fire resistance 2, cold vulnerability 1,
float, innate caster, HP casting, extra vitality 1
a: End Transformation


You were on level 5 of the Dungeon.
You had temporarily grown beastly horns.
You visited 1 branch of the dungeon, and saw 5 of its levels.

You collected 67 gold pieces.

Inventory:

Hand Weapons
 l - a +4 falchion of flaming (weapon)
Armour
 a - a +0 robe (worn)
 f - an orb of guile
Scrolls
 b - a scroll of blinking {unknown}
 c - a scroll of identify {unknown}
 g - a scroll of magic mapping {unknown}
 h - a scroll of vulnerability {unknown}
 j - a scroll of fog {unknown}
Potions
 d - a potion of mutation {unknown}
 e - a potion of degeneration
 i - a potion of might
 k - a potion of attraction {unknown}
 m - a potion of brilliance {unknown}
 n - a potion of curing


   Skills:
 * Level 3.2 Fighting
 + Level 3.3 Dodging
 * Level 4.2 Unarmed Combat
 * Level 2.8 Spellcasting


You couldn't memorise any spells.
You knew the following spells:

 Your Spells              Type           Power      Damage    Failure   Level
a - Beastly Appendage     Tmut           20%        N/A       6%          1
b - Wereblood             Tmut           10%        N/A       10%         2
c - Spider Form           Tmut/Pois      10%        N/A       19%         3
d - Ice Form              Ice/Tmut       10%        N/A       54%         4
e - Freeze                Ice            40%        1d6       6%          1
f - Scorch                Fire           20%        2d6       10%         2
Your spell library was empty.

Dungeon Overview and Level Annotations

Branches:
Dungeon (5/15)
 Temple: D:4-7

Altars:


Innate Abilities, Weirdness & Mutations

You have temporarily grown beastly horns.
You are flying.
You are immune to sickness and miasma.
You are immune to poison.
Your flesh is very heat resistant. (rF++)
You are vulnerable to cold. (rC-)
You float through the air rather than walking.
You learn spells naturally, not from books.
Your magical power is your life essence.
You have superior vitality. (+4 MHP)


Message History

You reach down and open the door.
Found a stone staircase leading down.
There is an open door here.
You reach down and open the door.
There is an open door here.
You reach down and open the door.
There is an open door here.
There is an open door here.
There is an open door here.
You reach down and open the door.
There is an open door here.
There is an open door here.
The sky beast flickers out of sight!
Deactivating autopickup; reactivate with Ctrl-A.
You grow a pair of large bovine horns.
Casting: Beastly Appendage (safe; 6% risk of failure)
Confirm with . or Enter, or press ? or * to list all spells.
You miscast Wereblood.
You are very lightly contaminated with residual magic.
Nothing appears to happen.
Casting: Wereblood (safe; 10% risk of failure)
Confirm with . or Enter, or press ? or * to list all spells.
Your blood is infused with primal strength.
Something hits you. Something shocks you.
You swing at nothing.
Something hits you. Something shocks you.
Something hits you but does no damage.
You swing at nothing.
Something hits you. Something shocks you.
You swing at nothing.
Something hits you but does no damage.
You hit something. You burn something.
Your transformation is almost over.
Something hits you. Something shocks you.
* * * LOW HITPOINT WARNING * * *
Something hits you.
* * * LOW HITPOINT WARNING * * *
Something shocks you.
* * * LOW HITPOINT WARNING * * *
Your magical contamination has completely faded away.
You hit something. You burn something. Your headbutt misses something.
Your punch misses something. Something hits you.
You die...

......#...#....#....#......#...#.
......+...#....#....#......#...#.
......#####....######......##'##.
..............##....#......#..##.
..............#.....#......+.....
..............#.....'......#.....
..............#.....#......#.....
..............#.{..##......######
#########....##.@..#....#########
#...'....'.....#....#........
#...#....#.....#....#.......<
##..#....#######....#...##'##
#..#...............#...##..#
+..#...............#...##...
#..#...............'........
#.##...............#.......# #.
....##+#####....#...##..#


There were no monsters in sight!

Vanquished Creatures
  A jelly (D:4)
  A hound (D:4)
  A hound skeleton (D:4)
  Robin (D:4)
  7 adders
  A howler monkey zombie (D:4)
  An ufetubus (D:5)
  An adder skeleton (D:4)
  2 worms
  2 dart slugs
  An orc (D:4)
  2 ball pythons (D:2)
  6 endoplasms
  5 giant cockroaches
  7 hobgoblins
  9 jackals
  4 quokkas
  A frilled lizard (D:3)
  10 goblins
  6 kobolds
  4 rats
73 creatures vanquished.

Notes
Turn   | Place    | Note
-------+----------+-------------------------------------------
     0 | D:1      | smarlow the Djinni Transmuter began the quest for the Orb.
     0 | D:1      | Reached XP level 1. HP: 17/17 MP: 0/0
  1141 | D:1      | Reached XP level 2. HP: 20/22 MP: 0/0
  2035 | D:2      | Reached XP level 3. HP: 20/28 MP: 0/0
  2035 | D:2      | Learned a level 1 spell: Freeze
  2684 | D:2      | Reached XP level 4. HP: 17/33 MP: 0/0
  3843 | D:2      | Found a faded altar of an unknown god.
  3843 | D:2      | Noticed a shadow demon
  4337 | D:3      | Reached XP level 5. HP: 35/39 MP: 0/0
  4337 | D:3      | Learned a level 2 spell: Scorch
  5055 | D:4      | Noticed Robin
  5090 | D:4      | Killed Robin
  5118 | D:4      | Reached skill level 4 in Unarmed Combat
  5414 | D:4      | Reached XP level 6. HP: 6/46 MP: 0/0
  5741 | D:5      | Entered Level 5 of the Dungeon
  6027 | D:5      | Noticed a sky beast
  6399 | D:5      | HP: 1/46 [something (6)]
  6400 | D:5      | Slain by a sky beast

Illustrated notes

Levels and vault maps discovered:
D:1:      dpeg_arrival_fog, layout_basic, hex_intersection, minivault_27
D:2:      layout_basic, dreamdust_ecumenical_altar_sealed_demon
D:3:      layout_loops_ring
D:4:      layout_basic, uniq_robin
D:5:      layout_gridville, minmay_temple_entry_statues

Skill      XL: |  1  2  3  4  5 |
---------------+----------------+-----
Fighting       | 2 3 |  3.2
Spellcasting   | 2 |  2.8
Dodging        | 3 |  3.3
Unarmed Combat | 4 |  4.2

Action                   |  1- 3 |  4- 6 || total
-------------------------+-------+-------++-------
Melee: Unarmed           |    96 |   128 ||   224
       Headbutt          |    10 |    23 ||    33
       Punch             |     2 |     5 ||     7
       Falchion          |       |    38 ||    38
 Cast: Beastly Appendage |    18 |    27 ||    45
       Scorch            |       |     3 ||     3
       Wereblood         |       |     2 ||     2
  Use: Potion            |     4 |       ||     4
       Scroll            |     1 |       ||     1
 Stab: Sleeping          |       |     1 ||     1
Armor: Robe              |    17 |    33 ||    50
Dodge: Dodged            |    47 |   139 ||   186
